AoeStats
← Franks Sinatra

MegaRandom

503730550Analyzed
1v1 RM · 29d ago on Sep 2, 2026· 31m 30s· 2 players
Game mode
Random Map
Map size
Tiny (2 player)
Population
200
Speed
Normal
Resources
Standard
Victory
Conquest
Starting age
Dark Age
Ending age
Imperial Age
RankedLock teamsTeams togetherTeam positionsShared explorationLock speedFull tech treeHidden civsTurbo modeCheats
Victory
Defeat
🇧🇷 Burgundians · Brazil
892
+17
🇺🇸 Franks · United States
916
-17
Chuck Badaluh
0:28 Loom
6:16 Double-Bit Axe
8:41 Horse Collar
12:44 Feudal Age
13:40 Gold Mining
13:53 Heavy Plow
14:54 Bow Saw
14:41 Man-at-Arms
16:40 Town Watch
18:15 Wheelbarrow
17:52 Forging
19:11 Arson
24:52 Castle Age
24:51 Gold Shaft Mining
24:12 Fletching
25:10 Scale Mail Armor
25:15 Crossbowman
25:17 Long Swordsman
26:54 Scale Barding Armor
26:25 Elite Skirmisher
27:10 Padded Archer Armor
27:29 Pikeman
29:30 Leather Archer Armor
29:26 Squires
30:55 Bodkin Arrow
30:52 Cavalier
Franks Sinatra
8:39 Loom
13:13 Feudal Age
14:03 Double-Bit Axe
18:48 Castle Age
19:07 Light Cavalry
20:12 Fletching
21:02 Padded Archer Armor
21:56 Crossbowman
26:52 Bodkin Arrow
Connection lost

Rejoining the realm…

Still unreachable

The connection could not be restored.

Session expired

The server has moved on; the page needs a fresh start.